AoeStats
← Sujiner

Lombardia

510056502Analyzed
4v4 RM · 4d ago on Sep 29, 2026· 40m 14s· 8 players
Game mode
Random Map
Map size
Large (8 player)
Population
200
Speed
Normal
Resources
Standard
Victory
Conquest
Starting age
Dark Age
Ending age
Imperial Age
RankedLock teamsTeams togetherTeam positionsShared explorationLock speedFull tech treeHidden civsTurbo modeCheats
Victory
Defeat
🇨🇳 Cumans · China
1456
+7
🇨🇳 Saxons · China
1209
+16
🇨🇳 Huns · China
1097
+22
🇨🇳 Franks · China
1001
+71
🇭🇰 Italians · Hong Kong SAR China
1226
-18
🇭🇰 Mapuche · Hong Kong SAR China
1226
-18
🇭🇰 Persians · Hong Kong SAR China
1210
-17
🇨🇭 Franks · Switzerland
1205
-17
henkeriks
7:50 Loom
10:23 Feudal Age
14:19 Double-Bit Axe
18:42 Castle Age
22:49 Bow Saw
26:36 Wheelbarrow
28:40 Fletching
29:14 Fortified Wall
32:00 Husbandry
32:24 Scale Barding Armor
32:34 Masonry
32:05 Treadmill Crane
32:50 Bodkin Arrow
33:44 Chain Barding Armor
37:14 Imperial Age
35:12 Scale Mail Armor
35:35 Forging
36:33 Chain Mail Armor
37:16 Ballistics
37:18 Elite Throwing Axeman
bbhin
11:20 Feudal Age
15:08 Castle Age
13:05 Double-Bit Axe
14:47 Horse Collar
16:10 Bow Saw
21:34 Wheelbarrow
21:53 Heavy Plow
22:40 Stone Mining
23:36 Loom
24:32 Stone Shaft Mining
23:49 Gold Mining
25:36 Hand Cart
29:18 Imperial Age
26:35 Loom
26:54 Fletching
27:04 Padded Archer Armor
27:44 Ballistics
28:02 Stone Shaft Mining
28:06 Bodkin Arrow
29:12 Leather Archer Armor
30:59 Chemistry
30:00 Bracer
30:24 Conscription
30:45 Ring Archer Armor
31:33 Two-Man Saw
31:13 Thumb Ring
31:14 Elite Genoese Crossbowman
MaGicPK
11:56 Feudal Age
15:36 Castle Age
16:14 Horse Collar
16:21 Double-Bit Axe
19:23 Loom
23:13 Wheelbarrow
24:54 Gold Mining
27:39 Hand Cart
32:11 Masonry
36:22 Imperial Age
35:02 Gold Shaft Mining
34:02 Light Cavalry
34:52 Bloodlines
34:43 Husbandry
36:06 Cavalier
37:41 Scale Barding Armor
37:47 Forging
37:39 Stone Mining
38:57 Conscription
39:14 Chain Barding Armor
39:31 Iron Casting
Hung Kaho
12:10 Feudal Age
14:05 Horse Collar
16:55 Castle Age
15:29 Double-Bit Axe
17:56 Bow Saw
17:46 Heavy Plow
26:14 Wheelbarrow
25:58 Fletching
26:43 Town Watch
27:05 Gold Mining
30:04 Bodkin Arrow
33:38 Malon
36:31 Imperial Age
35:50 Hand Cart
37:32 Conscription
37:04 Elite Bolas Rider
40:16 Chemistry
39:36 Ballistics
愛言葉
10:47 Feudal Age
11:55 Double-Bit Axe
14:59 Castle Age
13:50 Horse Collar
16:51 Bow Saw
16:58 Loom
19:09 Wheelbarrow
21:30 Heavy Plow
28:49 Imperial Age
26:40 Gold Mining
27:06 Scale Mail Armor
28:03 Gold Shaft Mining
27:32 Squires
27:18 Arson
27:18 Gambesons
28:14 Chain Mail Armor
28:22 Hand Cart
28:38 Town Watch
30:01 Plate Mail Armor
29:31 Elite Varangian Guard
30:53 Forging
31:06 Conscription
32:47 Iron Casting
32:17 Shield Wall
36:08 Capped Ram
37:18 Siege Ram
Sujiner
14:23 Feudal Age
16:33 Wheelbarrow
16:41 Double-Bit Axe
19:27 Castle Age
17:39 Double-Bit Axe
24:58 Gold Mining
25:37 Bow Saw
26:23 Caravan
28:12 Hand Cart
28:49 Husbandry
33:53 Forging
33:48 Scale Barding Armor
37:03 Iron Casting
36:48 Chain Barding Armor
40:44 Imperial Age
Why
11:00 Feudal Age
11:37 Double-Bit Axe
14:39 Castle Age
12:59 Horse Collar
15:54 Bow Saw
21:06 Wheelbarrow
22:32 Stone Mining
23:11 Loom
24:40 Heavy Plow
25:22 Gold Mining
26:27 Hand Cart
26:13 Town Watch
26:56 Scale Barding Armor
29:54 Imperial Age
27:59 Marauders
28:46 Bloodlines
28:36 Husbandry
29:22 Chain Barding Armor
29:13 Forging
30:13 Devotion
31:11 Plate Barding Armor
30:00 Elite Tarkan
31:49 Town Patrol
32:17 Conscription
33:09 Gold Shaft Mining
33:15 Iron Casting
33:09 Caravan
33:40 Coinage
35:24 Blast Furnace
35:30 Banking
35:11 Guilds
NorthOrigin
9:02 Feudal Age
8:20 Loom
9:46 Double-Bit Axe
9:47 Horse Collar
15:22 Wheelbarrow
20:41 Castle Age
18:53 Gold Mining
19:34 Stone Mining
21:48 Bow Saw
22:15 Gold Shaft Mining
25:14 Imperial Age
23:15 Fletching
23:49 Bloodlines
24:21 Bodkin Arrow
24:58 Capped Ram
26:49 Conscription
27:39 Padded Archer Armor
29:32 Leather Archer Armor
30:21 Chemistry
32:00 Ring Archer Armor
34:23 Parthian Tactics
34:04 Thumb Ring
36:20 Siege Ram
40:02 Elite Kipchak
Connection lost

Rejoining the realm…

Still unreachable

The connection could not be restored.

Session expired

The server has moved on; the page needs a fresh start.